cohdb
Replays
Latest Replays
All Replays
Popular Replays
Top Player Replays
Match Explorer
How It Works
Community
CoH3 Stats
Reddit
Sign in to upload your games and track your stats! →
Sign in with Steam
A close match
Match 31744622
Overview
Messages
Build Orders
End
Kradschützen Motorcycle Team
Panzergrenadier Squad
Panzergrenadier Squad
Construct Light Support Kompanie
MG34 Team
2.5-tonne Medical Truck
Fire Support Elements
le.IG 18 Mechanized Group
Combat Half-tracks
Veteran Squad Leaders
Selects Italian Infantry
Selects Guastatori Squad
Guastatori Squad
Construct Panzerarmee Kommand
Vehicle Survival Package
Rapid Advance
Selects Registered Artillery
Selects Towed Cannone da 105/28 Field Howitzer
Selects Defensive Operations
Panzergrenadier Squad
Armored Reserves
Panzer IV Assault Group
Pak 38 Anti-tank Gun Team
Selects Territory Booby Traps
Tungsten Core Ammunition
Registered Artillery
Selects Obice 305mm Barrage
StuG Assault Group
Registered Artillery
Obice 305mm Barrage
Registered Artillery
Panzer IV Assault Group
Registered Artillery
Panzer III L Medium Tank
Panzer III L Medium Tank
JZuna
ToxicGrenadier
0
0
Comments
sign in to comment!
Dave
9 months ago
honestly one of the best games i've seen...well done